 Dungeon Crawl Stone Soup version 0.29-a0-837-g174bc33265 (webtiles) character file.

Game seed: 7574501606885022625

289 betamax83 the Covered (level 6, -2/52 HPs)
             Began as a Minotaur Berserker on June 23, 2022.
             Was a Believer of Trog.
             Slain by a jackal (3 damage)
             ... on level 4 of the Dungeon on July 13, 2022.
             The game lasted 00:14:13 (3102 turns).

betamax83 the Covered (Minotaur Berserker)          Turns: 3102, Time: 00:14:14

Health: -2/52      AC:  0    Str: 23    XL:     6   Next: 9%
Magic:  5/5        EV: 13    Int:  4    God:    Trog [**....]
Gold:   161        SH:  5    Dex: 13    Spells: 5/5 levels left

rFire   . . .      SeeInvis .   q - +11 mace of the Crypt {speed, Fly Dex+3}
rCold   . . .      Faith    .   (no shield)
rNeg    . . .      Spirit   .   (no body armour)
rPois   .          Reflect  +   (helmet restricted)
rElec   .          Harm     .   (no cloak)
rCorr   .          Rampage  .   (no gloves)
Will    .....                   (no boots)
Stlth   +.........              o - amulet of reflection
HPRegen 0.17/turn               (no ring)
MPRegen 0.09/turn               (no ring)

@: on berserk cooldown, flying, slowed, very slow
A: horns 2, retaliatory headbutt
a: Renounce Religion, Berserk, Trog's Hand


You were on level 4 of the Dungeon.
You worshipped Trog.
Trog was pleased with you.
You visited 1 branch of the dungeon, and saw 4 of its levels.

You collected 161 gold pieces.

Inventory:

Hand Weapons
 f - a +0 sling
 q - the +11 mace of the Crypt (weapon) {speed, Fly Dex+3}
   (You found it on level 2 of the Dungeon)

   Attacks with this weapon are significantly faster.
   Dex:       It affects your dexterity (+3).
   Fly:       It grants you flight.
Missiles
 e - 27 stones (quivered)
Armour
 s - a +0 leather armour of willpower
Jewellery
 o - an amulet of reflection (around neck)
Scrolls
 a - a scroll of identify
 c - a scroll of amnesia {unknown}
 h - 2 scrolls of teleportation
 i - a scroll of brand weapon {unknown}
 j - 2 scrolls of fog {unknown}
 k - a scroll of silence {unknown}
Potions
 b - a potion of heal wounds {unknown}
 g - 2 potions of attraction
 l - a potion of invisibility
 m - a potion of resistance {unknown}
 n - a potion of curing {unknown}
 p - a potion of might {unknown}
 r - a potion of cancellation {unknown}


   Skills:
 - Level 3.8 Fighting
 * Level 2.6 Maces & Flails
 - Level 3.7 Polearms
 * Level 5.2 Armour
 * Level 4.7 Dodging


You had 5 spell levels left.
You didn't know any spells.
Your spell library contained the following spells:

 Spells                   Type           Power      Damage    Failure   Level
 Anguish                  Hex/Necr       0%         N/A       99%         4
 Enfeeble                 Hex            0%         N/A       100%        7


Dungeon Overview and Level Annotations

Branches:
Dungeon (4/15)
 Temple: D:4-7

Altars:
Cheibriados

Annotations:
D:4 Pikel


Innate Abilities, Weirdness & Mutations

You have a pair of horns on your head.
You reflexively headbutt those who attack you in melee.


Message History

You thump Blork the orc! Your headbutt misses Blork the orc.
Blork the orc is heavily wounded.
You hear a bark!
Blork the orc casts a spell.
Blork the orc seems to speed up.
You hear a bark! x2
You hit Blork the orc.
Blork the orc is severely wounded.
Blork the orc barely misses you. You furiously retaliate!
You headbutt Blork the orc.
A jackal comes into view.
Blork the orc hits you with a +0 hand axe.
The jackal misses you.
Pikel shouts!
You thump Blork the orc!
You kill Blork the orc!
Trog accepts your kill.
Trog appreciates your killing of a magic user.
The jackal closely misses you.
Your Armour skill increases to level 5!
You have reached level 6!
The jackal completely misses you.
Pikel zaps a wand.
The bolt of acid misses you. The jackal closely misses you.
The jackal bites you.
Pikel zaps a wand.
The bolt of acid misses you.
The bolt of acid hits the jackal!
The acid corrodes the jackal!
The jackal dies!
Pikel zaps a wand.
The bolt of acid hits you!!
* * * LOW HITPOINT WARNING * * *
The now-empty wand crumbles to dust.
A jackal comes into view.
You completely miss Pikel.
The jackal barks!
Your headbutt misses Pikel. You punch Pikel.
Pikel is lightly wounded.
You hear a bark!
Pikel barely misses you.
You thump Pikel!
Pikel is heavily wounded.
You block Pikel's attack. The jackal bites you.
You die...

#.# # #.# #.# ##
#.# #..#.#######.#
##...........##
#.....)# ##...##
#.#.#.#.###.....##
#.#.h@K......#
#<#####.....## ..
##...<# 5. ##.#.#
5K# #.#.# .5 ..#.#
####.. ###


You could see Pikel and a jackal.

Vanquished Creatures
  3 lemures (D:4)
  Blork the orc (D:4)
  An iron imp (D:3)
  Natasha (thrice) (D:2)
  An orc wizard (D:3)
  3 adders (D:2)
  3 worms
  A dart slug (D:1)
  7 orcs (D:3)
  6 endoplasms
  A giant cockroach (D:1)
  6 goblins
  6 hobgoblins
  5 quokkas
  4 ball pythons
  7 bats
  4 frilled lizards
  6 kobolds
  8 rats
76 creatures vanquished.

Vanquished Creatures (others)
  A jackal (D:4)
  6 plants (D:4)
7 creatures vanquished.

Grand Total: 83 creatures vanquished

Notes
Turn   | Place    | Note
-------+----------+-------------------------------------------
     0 | D:1      | betamax83 the Minotaur Berserker began the quest for the
                  | Orb.
     0 | D:1      | Reached XP level 1. HP: 19/19 MP: 0/0
   275 | D:1      | Reached XP level 2. HP: 27/27 MP: 1/1
   277 | D:1      | Found a faded altar of an unknown god.
   487 | D:1      | Reached skill level 3 in Armour
   689 | D:1      | Reached XP level 3. HP: 27/33 MP: 2/2
   689 | D:1      | Reached ** piety under Trog
  1226 | D:2      | Noticed Natasha
  1234 | D:2      | Killed Natasha
  1235 | D:2      | Reached skill level 4 in Armour
  1235 | D:2      | Reached XP level 4. HP: 35/40 MP: 3/3
  1571 | D:2      | Noticed Natasha
  1581 | D:2      | Killed Natasha
  1745 | D:2      | Identified the +11 mace of the Crypt {speed, Fly Dex+3}
  1828 | D:2      | Noticed Natasha
  1833 | D:2      | Killed Natasha
  1834 | D:2      | Reached skill level 1 in Maces & Flails
  1834 | D:2      | Reached XP level 5. HP: 38/46 MP: 4/4
  1837 | D:2      | Upgraded the game from 0.29-a0-666-g26d293caef to
                  | 0.29-a0-837-g174bc33265
  2424 | D:3      | Found a snail-covered altar of Cheibriados.
  3075 | D:4      | Noticed a lemure
  3075 | D:4      | Noticed a lemure
  3075 | D:4      | Noticed Pikel
  3075 | D:4      | Noticed a lemure
  3081 | D:4      | Noticed Blork the orc
  3084 | D:4      | Killed a lemure
  3088 | D:4      | Killed a lemure
  3092 | D:4      | Killed a lemure
  3097 | D:4      | Killed Blork the orc
  3098 | D:4      | Reached skill level 5 in Armour
  3098 | D:4      | Reached XP level 6. HP: 26/52 MP: 5/5
  3100 | D:4      | HP: 1/52 [Pikel/bolt of acid (23)]
  3102 | D:4      | Slain by a jackal

Illustrated notes

Levels and vault maps discovered:
D:1:      matt_arrival_spirals, layout_basic,
          ebering_ecumenical_altar_abandoned, chequers_serial_rivers_small_b
D:2:      layout_loops_corners, nrook_loot_triangle, minmay_pentomino_v4,
          uniq_natasha
D:3:      layout_loops_ring, slow_altar_1
D:4:      layout_loops_ring, mainiacjoe_overflow_catch_the_wave,
          gammafunk_temple_overflow_pools, zin_scriptorium, serial_shops,
          nicolae_shop_hallway_plus, uniq_pikel, uniq_blork_the_orc

Skill      XL: |  1  2  3  4  5 |
---------------+----------------+-----
Armour         | 3 4 5 |  5.2
Dodging        | 3 4 |  4.7
Maces & Flails | 1 2 |  2.6
Fighting       | |  3.8
Polearms       | |  3.7

Action                   |  1- 3 |  4- 6 || total
-------------------------+-------+-------++-------
Melee: Spear             |    98 |    24 ||   122
       Headbutt          |    12 |    12 ||    24
       Mace              |       |    55 ||    55
       Punch             |       |     1 ||     1
Throw: Stone             |     8 |     1 ||     9
Invok: Berserk           |       |     1 ||     1
       Trog's Hand       |       |     1 ||     1
  Use: Scroll            |       |     3 ||     3
Armor: Animal skin       |    14 |     9 ||    23
Dodge: Dodged            |    51 |    42 ||    93
Block: Other             |       |     8 ||     8

Table legend: (Time is in decaauts)
 A = Elapsed time spent in this place.
 B = Non-inter-level travel time spent in this place.
 C = Inter-level travel time spent in this place.
 D = Time resting spent in this place.
 E = Time spent auto-exploring this place.
 F = Levels seen in this place.
 G = Mean time per level.
                   A        B        C        D        E       F      G
               +--------+--------+--------+--------+--------+-----+--------+
         Total |   3092 |   2896 |    196 |    241 |   1631 |   4 |  773.0 |
       Dungeon |   3092 |   2896 |    196 |    241 |   1631 |   4 |  773.0 |
               +--------+--------+--------+--------+--------+-----+--------+

Top non-repeatable levels by time:
     D:2: 1358 daAuts
     D:1: 960 daAuts
     D:3: 736 daAuts
     D:4: 38 daAuts
